 Dungeon Crawl Stone Soup version 0.30-a0-1102-g2dbb833546 (webtiles) character file.

Game seed: 11863704798989045079

12213 CryoSword the Basher (level 11, -6/84 HPs)
             Began as a Demigod Summoner on Apr 18, 2023.
             Mangled by a swamp worm (20 damage)
             ... in a Gauntlet.
             The game lasted 00:28:23 (12917 turns).

CryoSword the Basher (Demigod Summoner)            Turns: 12917, Time: 00:28:23

Health: -6/84      AC:  8    Str: 23    XL:     11   Next: 34%
Magic:  12/19      EV: 13    Int: 21    God:
Gold:   457        SH:  5    Dex: 14    Spells: 6/16 levels left

rFire   . . .      SeeInvis .    w - +2 whip (venom)
rCold   . . .      Faith    .    M - +0 buckler
rNeg    . . .      Spirit   .    K - +0 troll leather armour
rPois   .          Reflect  .    (no helmet)
rElec   .          Rampage  .    A - +0 cloak
rCorr   .          NoTele   +    j - +1 pair of gloves {hurl}
Will    +....                    r - +0 pair of boots
Stlth   ++                       L - amulet of magic regeneration
HPRegen 1.14/turn                J - +6 ring of strength
MPRegen 0.56/turn                e - ring of wizardry

@: very slightly contaminated
A: high MP 1, forlorn, divine attributes
a: no special abilities


You were in a Gauntlet.
You visited 1 branch of the dungeon, and saw 11 of its levels.
You also visited: Bailey and Gauntlet.

You collected 767 gold pieces.
You spent 310 gold pieces at shops.

Inventory:

Hand Weapons
 a - a +2 flail of freezing
   (You took it off a wight on level 8 of the Dungeon)
 s - a +1 flail of holy wrath
   (You took it off a gargoyle on level 10 of the Dungeon)
 w - a +2 whip of venom (weapon)
   (You took it off a gnoll on level 3 of the Dungeon)
 R - a +1 heavy flail
   (You took it off a gargoyle on level 11 of the Dungeon)
Missiles
 c - 42 poisoned darts
 x - 21 boomerangs
 E - 5 curare-tipped darts
Armour
 j - a +1 pair of gloves of hurling (worn)
   (You found it on level 1 of the Dungeon)
 k - +0 swamp dragon scales
   (You took it off Maggie on level 8 of the Dungeon)
 r - a +0 pair of boots (worn)
   (You found it on level 2 of the Dungeon)
 A - a +0 cloak (worn)
   (You found it on level 4 of the Dungeon)
 G - +2 ice dragon scales
   (You found it in a bailey)
 H - a +3 scale mail of fire resistance
   (You found it in a bailey)
 K - a +0 troll leather armour (worn)
   (You found it on level 9 of the Dungeon)
 M - a +0 buckler (worn)
   (You found it on level 10 of the Dungeon)
Jewellery
 d - a ring of fire
   (You found it on level 1 of the Dungeon)
 e - a ring of wizardry (right hand)
   (You found it on level 1 of the Dungeon)
 i - a ring of positive energy
   (You found it on level 1 of the Dungeon)
 J - a +6 ring of strength (left hand)
   (You found it on level 9 of the Dungeon)
 L - an amulet of magic regeneration (around neck)
   (You found it on level 10 of the Dungeon)
Wands
 F - a wand of paralysis (9)
   (You found it on level 7 of the Dungeon)
 P - a wand of flame (12) (quivered)
   (You found it on level 10 of the Dungeon)
Scrolls
 g - 2 scrolls of torment {unknown}
 h - 3 scrolls of teleportation {@r4}
 m - 2 scrolls of enchant weapon {unknown}
 o - a scroll of brand weapon {unknown}
 p - a scroll of summoning {unknown}
 q - 2 scrolls of fog
 u - 2 scrolls of magic mapping
 v - 2 scrolls of poison {unknown}
 y - 4 scrolls of amnesia
 C - a scroll of fear {unknown}
 O - 2 scrolls of blinking
 Q - a scroll of enchant armour {unknown}
Potions
 b - a potion of magic
 f - 5 potions of curing {@q1}
 n - a potion of lignification {!q}
 t - a potion of attraction {unknown}
 z - 2 potions of brilliance
 B - a potion of cancellation {unknown}
 D - a potion of ambrosia {unknown}
 I - 2 potions of flight {unknown}
 N - a potion of mutation {unknown}


   Skills:
 * Level 4.1 Fighting
 * Level 11.5 Maces & Flails
 * Level 4.9 Dodging
 + Level 3.8 Stealth
 * Level 2.9 Shields
 - Level 3.0 Spellcasting
 + Level 9.3 Summonings
 * Level 4.3 Air Magic


You had 6 spell levels left.
You knew the following spells:

 Your Spells              Type           Power      Damage    Failure   Level
a - Call Imp              Summ           84%        N/A       1%          2
b - Call Canine Familiar  Summ           42%        N/A       1%          3
y - Summon Lightning Spi  Summ/Air       31%        N/A       4%          4
M - Summon Small Mammal   Summ           100%       N/A       1%          1

Your spell library contained the following spells:

 Spells                   Type           Power      Damage    Failure   Level
 Summon Guardian Golem    Hex/Summ       22%        N/A       3%          3
 Apportation              Tloc           6%         N/A       9%          1
 Necrotise                Necr           12%        1d4       9%          1
 Blink                    Tloc           6%         N/A       12%         2
 Lesser Beckoning         Tloc           6%         N/A       12%         2
 Momentum Strike          Conj/Tloc      6%         3d8       12%         2
 Gell's Gravitas          Tloc           3%         N/A       24%         3
 Teleport Other           Tloc           3%         N/A       24%         3
 Anguish                  Hex/Necr       1%         N/A       58%         4
 Cause Fear               Hex            1%         N/A       58%         4
 Enfeeble                 Hex            1%         N/A       100%        7


Dungeon Overview and Level Annotations

Branches:
Dungeon (11/15)            Temple (0/1) D:6          Bailey (visited)
Gauntlet (1/1)
   Lair: D:8-11         Orc: D:9-12

Shops:
D:3 !   D:5 =

Annotations:
D:7 2 transporters, exclusion: oklob plant, MacCMillion's ghost, novice TrFi
D:8 3 runed translucent doors Gauntlet 15 transporters, exclusion: lightning spire


Innate Abilities, Weirdness & Mutations

You have an increased reservoir of magic. (+10% MP)
You shall have no god before yourself.
Your divine heritage dramatically boosts your attributes as you level up.


Message History

Found two transporters.
Found a transporter.
Found a buckler.
Found a gate leading back out of this place.
The raiju pauses to sniff the ground.
Found a transporter.
Found a transporter.
The iron imp shouts, "Leave, thou bawdy moon-mazed Cock-Lorel!"
Key pressed, stopping explore.
The elephant trumpets!
You hear a trumpeting!
Found a transporter.
The elephant trumpets!
The iron imp summons a swarm of flies.
The iron imp grinds its teeth.
The iron imp shouts, "Begone, thou feckless spur-galled scavenger!"
Key pressed, stopping explore.
There is a transporter here.
Key pressed, stopping explore.
Found a transporter.
The chaos spawn gives a hideous shriek!
You hear a shout!
Found a transporter.
The raiju barks!
The raiju pauses to sniff the ground.
Key pressed, stopping explore.
The chaos spawn splatters into many small globs of multi-coloured light, then recombines.
Key pressed, stopping explore.
The elephant trumpets!
Key pressed, stopping explore.
The elephant trumpets! x2
The elephant trumpets!
Found a transporter.
The shadow imp shouts, "Embrace thy dedition, thou euchred hasty-witted bootlicker!"
Something shouts, "Go and return not, thou cockered fen-sucked pissant!"
The shadow imp lashes its tail.
The shadow imp shouts!
Found a transporter.
The shadow imp shouts, "Slither hence, thou peeagling ill-breeding scavenger!"
The shadow imp picks up a beetle and eats it.
The shadow imp laughs crazily.
Partly explored, unvisited transporter.
Partly explored, unvisited transporter.
Partly explored, unvisited transporter.
Partly explored, unvisited transporter.
Partly explored, unvisited transporter.
Search for what [Enter for "."]?
Okay, then.
Search for what [Enter for "."]? .
Item here: a glowing flail.
The floor.
The shadow imp shouts, "Fly, thou froward limp-willed crab-lanthorn!"
The shadow imp shouts, "Take thy face hence, thou skyhacking milk-livered jarkman!"
The shadow imp shouts, "Flee, thou errant onion-eyed ratsbane!"
The shadow imp grins evilly.
The elephant trumpets! x2; You hear a trumpeting!
The elephant trumpets!
There is a transporter here.
Okay, then.
Here: a swamp worm (fire blocked by a translucent stone wall)
The floor.
Your +2 flail of freezing stops glowing.
Your +2 whip of venom begins to drip with poison!
w - a +2 whip of venom (weapon)
You enter the transporter and appear at another place.
The swamp worm fires a harpoon shot at you.
The harpoon shot misses you.
You miscast Summon Lightning Spire.
You are very lightly contaminated with residual magic.
You are caught in an explosion of electrical discharges.
The swamp worm fires a harpoon shot at you.
The harpoon shot hits you!!
You are yanked forward by the harpoon shot.
An electric hum fills the air.
The swamp worm fires a harpoon shot at you.
The harpoon shot hits you!
You are yanked forward by the harpoon shot.
The swamp worm closely misses you. The swamp worm closely misses you.
The swamp worm bites you!!
* * * LOW HITPOINT WARNING * * *
You block the swamp worm's attack.
A tiny devil pulls itself out of the air.
The swamp worm barely misses you.
Your wolf completely misses the swamp worm.
The swamp worm barely misses you. The swamp worm closely misses you.
You closely miss the swamp worm. Your wolf misses the swamp worm.
The swamp worm barely misses you. You block the swamp worm's attack.
You hit the swamp worm but do no damage.
The swamp worm is poisoned.
The swamp worm bites you but does no damage.
Your wolf closely misses the swamp worm.
The swamp worm bites you but does no damage.
Your cerulean imp hits the swamp worm but does no damage.
Your lightning spire shoots out a bolt of lightning at the swamp worm!
The bolt of electricity hits the swamp worm!
You hit the swamp worm but do no damage.
The swamp worm looks as sick as possible!
The swamp worm closely misses you.
Your wolf bites the swamp worm!
The swamp worm barely misses you.
You barely miss the swamp worm. The swamp worm bites you!
* * * LOW HITPOINT WARNING * * *
Your wolf bites the swamp worm but does no damage.
Your lightning spire shoots out a bolt of lightning at the swamp worm!
The bolt of electricity hits the swamp worm!
Your cerulean imp hits the swamp worm but does no damage.
The swamp worm bites you.
* * * LOW HITPOINT WARNING * * *
Your wolf misses the swamp worm.
The swamp worm fires a harpoon shot at your lightning spire.
The harpoon shot hits your lightning spire!
Your cerulean imp hits the swamp worm from afar with a +1 spear.
The swamp worm misses you.
You feel much better.
Your wolf closely misses the swamp worm.
The swamp worm closely misses you.
Your wolf bites the swamp worm.
The swamp worm bites you!
* * * LOW HITPOINT WARNING * * *
Your cerulean imp hits the swamp worm but does no damage.
You hit the swamp worm.
The swamp worm is poisoned.
The swamp worm completely misses you.
Your wolf misses the swamp worm. The swamp worm bites you!
* * * LOW HITPOINT WARNING * * *
You feel much better. The swamp worm closely misses you.
Your wolf bites the swamp worm but does no damage.
The swamp worm bites you.
* * * LOW HITPOINT WARNING * * *
Your cerulean imp hits the swamp worm with a +1 spear.
The swamp worm dies!
Your wolf barely misses the swamp worm.
The swamp worm bites you.
* * * LOW HITPOINT WARNING * * *
You hit the swamp worm.
The swamp worm looks as sick as possible!
The swamp worm bites you!
* * * LOW HITPOINT WARNING * * *
Your cerulean imp closely misses the swamp worm.
You hit the swamp worm.
The swamp worm looks as sick as possible!
Your wolf bites the swamp worm!
The swamp worm dies!
You whack the swamp worm!
The swamp worm is poisoned.
The swamp worm bites you!
* * * LOW HITPOINT WARNING * * *
Your lightning spire shoots out a bolt of lightning at the swamp worm!
The bolt of electricity hits the swamp worm!
Your cerulean imp closely misses the swamp worm.
You hit the swamp worm.
Your wolf bites the swamp worm!
The swamp worm bites your wolf!
You hit the swamp worm but do no damage.
The swamp worm looks as sick as possible!
Your wolf completely misses the swamp worm.
Your cerulean imp misses the swamp worm.
The swamp worm bites you!!
You die...

########...###########..#8#
..../..#...#.........#..###
######Y#.∩.#.........#....#
#....###...#........?#....###
.####.##...#....8....###..#8#
#.©.##.#©.©#....©...©#©#..###
####.#.#...#........"#.#..#
....##.#...#...w.5...#.#..###
#####..#...#...h@....#.#..#8#
YY.w...#...#.........#.#..#######
########.§§###########.#........#
.........≈§§.........#.#........#
####....§8≈§...#######.#######...
..©#....§§§§...#©...........©#...
########§§.######################
#.##3###...#.........#≈#.......33
#5##5###...#..^###W..#§#..##.##..


You could see a swamp worm (extremely poisoned, ally target), a friendly wolf
(summoned), a friendly lightning spire (summoned) and a friendly cerulean imp
(summoned).

Vanquished Creatures
  A centaur warrior (D:11)
  A two-headed ogre (D:11)
  Pikel (D:4)
  An orc knight (Bailey)
  A manticore (D:11)
  Maggie (D:8)
  A gargoyle (D:11)
  A kobold demonologist (D:9)
  An efreet (D:8)
  2 trolls
  A wyvern (D:5)
  2 wraiths
  2 yaks (D:8)
  A ynoxinul (D:9)
  A steam dragon (D:8)
  A water moccasin (D:8)
  2 sky beasts (D:7)
  4 orc warriors
  A black bear (D:6)
  A wolf (D:11)
  2 centaurs
  A lemure (D:4)
  2 kobold brigands (Bailey)
  3 bullfrogs
  2 scorpions
  6 wights
  An electric eel (D:11)
  2 howler monkeys (D:8)
  2 jellies (D:6)
  4 hounds
  2 orc priests
  A sleepcap (D:5)
  5 iguanas
  An orc wizard (D:8)
  4 gnolls
  7 adders
  3 white imps
  2 ufetubi
  A worm (D:4)
  A dart slug (D:3)
  21 orcs
  2 bats (D:2)
  3 endoplasms
  5 goblins
  9 hobgoblins
  3 jackals (D:2)
  2 quokkas (D:4)
  4 ball pythons
  A frilled lizard (D:2)
  8 kobolds
  2 rats
139 creatures vanquished.

Vanquished Creatures (collateral kills)
  A centaur warrior (D:8)
  2 gargoyles
  A komodo dragon (D:10)
  2 trolls
  A yak (D:8)
  A wyvern (D:10)
  An acid dragon (D:11)
  2 swamp worms (Gauntlet)
  A water moccasin (D:6)
  2 orc warriors
  An ice beast (D:6)
  A black bear (D:4)
  2 ogres
  A wolf (D:11)
  7 centaurs
  A lemure (D:4)
  5 kobold brigands (Bailey)
  2 bullfrogs
  5 wights
  2 howler monkeys
  2 hounds
  An orc priest (D:6)
  A gnoll bouda (D:7)
  2 sleepcaps
  4 orc wizards
  3 adders
  3 gnolls
  2 worms
  14 orcs
  7 ball pythons
  3 endoplasms
  A giant cockroach (D:1)
  6 goblins
  3 hobgoblins
  A jackal (D:2)
  2 quokkas
  A bat (D:2)
  A frilled lizard (D:2)
  7 kobolds
  A rat (D:2)
106 creatures vanquished.

Vanquished Creatures (others)
  A kobold brigand (Bailey)
  4 toadstools (D:5)
  3 withered plants (Gauntlet)
8 creatures vanquished.

Grand Total: 253 creatures vanquished

Notes
Turn   | Place    | Note
-------+----------+-------------------------------------------
     0 | D:1      | CryoSword the Demigod Summoner began the quest for the Orb.
     0 | D:1      | Reached XP level 1. HP: 14/14 MP: 5/5
   365 | D:1      | Reached XP level 2. HP: 17/20 MP: 4/7
   406 | D:1      | Learned a level 2 spell: Call Imp
  1292 | D:2      | Reached skill level 1 in Maces & Flails
  1292 | D:2      | Reached XP level 3. HP: 14/26 MP: 3/8
  1606 | D:2      | Reached skill level 2 in Maces & Flails
  2238 | D:3      | Reached XP level 4. HP: 33/33 MP: 4/9
  2339 | D:3      | Found Peplit's Distillery.
  2345 | D:3      | Bought a potion of heal wounds for 50 gold pieces
  2345 | D:3      | Bought a potion of degeneration for 10 gold pieces
  2345 | D:3      | Bought a potion of curing for 30 gold pieces
  2840 | D:3      | Reached skill level 3 in Maces & Flails
  3050 | D:3      | Learned a level 3 spell: Call Canine Familiar
  3162 | D:4      | Noticed a black bear
  3172 | D:4      | Killed a black bear
  3173 | D:4      | Reached skill level 5 in Summonings
  3173 | D:4      | Reached XP level 5. HP: 32/38 MP: 6/10
  3225 | D:4      | Noticed Pikel
  3531 | D:4      | Reached skill level 4 in Maces & Flails
  3662 | D:4      | Killed Pikel
  3663 | D:4      | Reached skill level 5 in Maces & Flails
  3663 | D:4      | Reached XP level 6. HP: 24/45 MP: 5/11
  3663 | D:4      | Reached XP level 7. HP: 27/50 MP: 5/12
  3945 | D:4      | Reached skill level 6 in Maces & Flails
  4160 | D:5      | Entered Level 5 of the Dungeon
  4179 | D:5      | Noticed a wyvern
  4203 | D:5      | Killed a wyvern
  4671 | D:5      | Found Guom's Jewellery Shoppe.
  4780 | D:5      | Reached skill level 7 in Maces & Flails
  4780 | D:5      | Reached XP level 8. HP: 54/57 MP: 13/13
  5452 | D:6      | Reached skill level 8 in Maces & Flails
  6075 | D:6      | Found a staircase to the Ecumenical Temple.
  6465 | D:6      | Reached skill level 9 in Maces & Flails
  6491 | D:6      | Identified the +7 falchion "Xuiwi" {flame, Will- Dex+4}
  6620 | D:3      | Bought a potion of might for 40 gold pieces
  6620 | D:3      | Bought a potion of invisibility for 80 gold pieces
  6620 | D:3      | Bought a potion of brilliance for 40 gold pieces
  6620 | D:3      | Bought 2 potions of curing for 60 gold pieces
  6765 | D:7      | Reached XP level 9. HP: 56/62 MP: 7/14
  6907 | D:7      | You fall into a shaft and drop 1 floor!
  7080 | D:8      | Noticed a centaur warrior
  7080 | D:8      | Noticed Maggie
  7080 | D:8      | Noticed an efreet
  7132 | D:8      | Killed Maggie
  7133 | D:8      | Reached skill level 10 in Maces & Flails
  7470 | D:8      | Found a flagged portal.
  7485 | Bailey   | Entered a bailey
  7723 | Bailey   | Learned a level 4 spell: Summon Lightning Spire
  7756 | Bailey   | Noticed an orc knight
  7803 | Bailey   | Killed an orc knight
  7804 | Bailey   | Reached skill level 1 in Air Magic
  7804 | Bailey   | Reached XP level 10. HP: 41/70 MP: 1/16
  7814 | Bailey   | Reached skill level 1 in Fighting
  7948 | Bailey   | Identified the +7 hand axe of Sehotuen {drain, rElec rPois}
  8138 | D:7      | Found a transporter.
  8141 | D:7      | Noticed MacCMillion's ghost (novice TrFi)
  8145 | D:7      | Noticed an oklob plant
  8155 | D:7      | Found a transporter.
  9088 | D:8      | Found a runed translucent door.
  9095 | D:8      | Found a runed translucent door.
  9095 | D:8      | Noticed a two-headed ogre
  9096 | D:8      | Found a runed translucent door.
  9096 | D:8      | Noticed a cyclops
  9130 | D:8      | Found a runed translucent door.
  9707 | D:8      | Killed a centaur warrior
  9879 | D:8      | HP: 1/73 [efreet/fireball (27)]
  9885 | D:8      | HP: 2/73 [something (7)]
  9886 | D:8      | Reached skill level 11 in Maces & Flails
 10182 | D:8      | Noticed an elephant
 10182 | D:8      | an elephant changed into a faun
 10182 | D:8      | Noticed a faun (shapeshifter)
 10607 | D:9      | Identified the +1 robe of Proximity {Dex+4}
 11161 | D:10     | Entered Level 10 of the Dungeon
 11296 | D:10     | HP: 1/75 [gargoyle/stone arrow (28)]
 11676 | D:10     | Reached skill level 1 in Shields
 12186 | D:11     | Reached XP level 11. HP: 34/82 MP: 13/18
 12367 | D:11     | Noticed a two-headed ogre
 12376 | D:11     | Killed a two-headed ogre
 12460 | D:11     | Noticed a centaur warrior
 12465 | D:11     | Found a gate leading to a gauntlet.
 12480 | D:11     | Killed a centaur warrior
 12516 | Gauntlet | Entered a Gauntlet
 12516 | Gauntlet | Found a transporter.
 12516 | Gauntlet | Found a transporter.
 12555 | Gauntlet | Found a transporter.
 12555 | Gauntlet | Found a transporter.
 12563 | Gauntlet | Found a transporter.
 12569 | Gauntlet | Found a transporter.
 12579 | Gauntlet | Found a transporter.
 12579 | Gauntlet | Found a transporter.
 12583 | Gauntlet | Found a transporter.
 12610 | Gauntlet | Found a transporter.
 12617 | Gauntlet | Found a transporter.
 12635 | Gauntlet | Found a transporter.
 12680 | Gauntlet | Found a transporter.
 12694 | Gauntlet | Found a transporter.
 12795 | Gauntlet | Found a transporter.
 12810 | Gauntlet | Found a transporter.
 12810 | Gauntlet | Noticed a soul eater
 12917 | Gauntlet | Mangled by a swamp worm

Illustrated notes

Levels and vault maps discovered:
D:1:      lightli_arrival_quake, layout_loops_ring, patterned_corridor
D:2:      layout_loops_ring
D:3:      layout_loops_cross, serial_shops, nicolae_shop_industrial_runoff,
          basic_ecumenical_altar, hangedman_decor_slide_cut
D:4:      minmay_chambers_of_threes, layout_cave_pools, minmay_misc_feat_x,
          uniq_pikel
D:5:      layout_loops_ring, nicolae_overflow_hidden_temple, serial_shops,
          kennysheep_little_box, minmay_gold_behind_fungi, st_stairs_8
D:6:      layout_loops_cross, minmay_temple_entry_tees,
          kennysheep_generic_room_14
D:7:      layout_gridville, nzn_ghost_randoct, grunt_decor_mini_mirrors,
          hangedman_minor_gate_pass
D:8:      minmay_the_grid_triangle_9x9_rhombus_full
          [minmay_the_grid_triangle_9x9_fully_insulated_deathbox,
          minmay_the_grid_triangle_9x9_impossible_snake,
          minmay_the_grid_triangle_9x9_subtriangle,
          minmay_the_grid_triangle_9x9_warning,
          minmay_the_grid_triangle_9x9_minimal,
          minmay_the_grid_triangle_9x9_longest,
          minmay_the_grid_triangle_9x9_descending_squares,
          minmay_the_grid_triangle_9x9_prize_top_heavy], layout_basic,
          nicolae_ru_awakened_eye, kennysheep_mini, enter_bailey_4,
          chequers_serial_rivers_small_b, minmay_fountain_box, uniq_maggie
D:9:      layout_gridville, nzn_overflow_gifts_of_might_and_magic
D:10:     layout_basic
D:11:     minmay_bubble_buster, layout_long_grid, erik_lair_island,
          gauntlet_entry_generic
Gauntlet: gammafunk_gauntlet_branching [gammafunk_gauntlet_arena_open,
          gammafunk_gauntlet_arena_spirals,
          gammafunk_gauntlet_arena_split_diamond,
          nicolae_gauntlet_arena_t_cross, gammafunk_gauntlet_arena_crates,
          gammafunk_gauntlet_arena_mazey, nicolae_gauntlet_swirl,
          gammafunk_gauntlet_arena_grid, gauntlet_exit_green]

Skill      XL: |  1  2  3  4  5  6  7  8  9 10 11 |
---------------+----------------------------------+-----
Summonings     | 4 5 6 7 8 9 |  9.3
Maces & Flails | 1 2 3 5 7 9 10 11 | 11.5
Dodging        | 2 4 |  4.9
Stealth        | 2 3 |  3.8
Spellcasting   | 2 3 |  3.0
Air Magic      | 1 3 4 |  4.3
Fighting       | 3 4 |  4.1
Shields        | 1 2 |  2.9

Action                     |  1- 3 |  4- 6 |  7- 9 | 10-12 || total
---------------------------+-------+-------+-------+-------++-------
  Melee: Unarmed           |    26 |       |       |       ||    26
         Short sword       |    21 |    41 |       |       ||    62
         Whip              |    68 |    48 |   302 |   176 ||   594
         Punch             |     1 |       |     8 |       ||     9
         Flail             |       |       |       |    80 ||    80
  Throw: Dart              |       |       |    15 |       ||    15
         Throwing net      |       |       |     2 |       ||     2
   Cast: Summon Small Mamm |    32 |    22 |    23 |       ||    77
         Call Imp          |    18 |    15 |    32 |    32 ||    97
         Call Canine Famil |       |       |    24 |    35 ||    59
         Summon Lightning  |       |       |     1 |    13 ||    14
  Evoke: Wand              |       |       |       |     2 ||     2
    Use: Scroll            |     2 |     1 |     6 |     1 ||    10
         Potion            |       |     1 |     4 |     7 ||    12
   Stab: Sleeping          |     1 |     1 |     1 |       ||     3
         Distracted        |     1 |     2 |     4 |     6 ||    13
         Invisible         |       |       |     2 |       ||     2
 Armour: Robe              |    46 |       |       |       ||    46
         Ring mail         |    10 |    34 |    76 |       ||   120
         Swamp dragon scal |       |       |    19 |    44 ||    63
         Troll leather arm |       |       |       |    23 ||    23
         Skin              |       |       |       |    37 ||    37
  Dodge: Dodged            |    92 |    61 |   151 |   148 ||   452
  Block: Buckler           |       |       |       |    20 ||    20

Table legend: (Time is in decaauts)
 A = Elapsed time spent in this place.
 B = Non-inter-level travel time spent in this place.
 C = Inter-level travel time spent in this place.
 D = Time resting spent in this place.
 E = Time spent auto-exploring this place.
 F = Levels seen in this place.
 G = Mean time per level.
                   A        B        C        D        E       F      G
               +--------+--------+--------+--------+--------+-----+--------+
         Total |  12749 |  12199 |    550 |   1143 |   7907 |  13 |  980.7 |
       Dungeon |  11880 |  11330 |    550 |    988 |   7469 |  11 | 1080.0 |
        Bailey |    473 |    473 |      0 |    155 |    135 |   1 |  473.0 |
      Gauntlet |    395 |    395 |      0 |      0 |    303 |   1 |  395.0 |
               +--------+--------+--------+--------+--------+-----+--------+

Top non-repeatable levels by time:
     D:8: 1535 daAuts
     D:6: 1508 daAuts
     D:7: 1366 daAuts
     D:1: 1292 daAuts
     D:9: 1145 daAuts
     D:4: 1058 daAuts
     D:3: 1049 daAuts
     D:5: 985 daAuts
     D:2: 854 daAuts
    D:10: 681 daAuts
  Bailey: 473 daAuts
    D:11: 405 daAuts
Gauntlet: 395 daAuts
